 Dungeon Crawl Stone Soup version 0.21.1-1-g345015f (webtiles) character file.

36605 xccam the Spry (level 13, -14/122 HPs)
             Began as a Yellow Draconian Berserker on Mar 18, 2018.
             Was a High Priest of Trog.
             Killed from afar by a dream sheep (17 damage)
             ... with an exploding inner flame
             ... hexed by the player character
             ... on level 6 of the Lair of Beasts.
             The game lasted 00:38:11 (17822 turns).

xccam the Spry (Yellow Draconian Berserker)        Turns: 17822, Time: 00:38:12

Health: -14/122    AC: 19    Str: 26    XL:     13   Next: 53%
Magic:  13/13      EV: 24    Int:  8    God:    Trog [*****.]
Gold:   1085       SH:  6    Dex: 17    Spells: 12/12 levels left

rFire    . . .     SeeInvis +   J - +9 scimitar "Daisydia" {protect, *Drain rN++ Str+5}
rCold    + . .     Gourm    +   j - +1 buckler
rNeg     + + .     Faith    .   (armour unavailable)
rPois    +         Spirit   .   N - +0 hat
rElec    .         Reflect  .   O - scarf {cloud immunity}
rCorr    +         Harm     .   x - +2 pair of gloves
MR       .....                  (no boots)
Stlth    ++........             t - amulet of the gourmand
HPRegen  0.30/turn              k - ring of poison resistance
MPRegen  0.13/turn              F - +5 ring of dexterity

@: protection aura
A: spit acid, acid resistance, unfitting armour, see invisible, clumsy 1, cold
resistance 1, shaggy fur 1, cold-blooded, AC +8
a: Breathe Acid, Berserk, Trog's Hand, Brothers in Arms, Burn Spellbooks,
Renounce Religion


You were on level 6 of the Lair of Beasts.
You worshipped Trog.
Trog was extremely pleased with you.
You were completely stuffed.

You visited 3 branches of the dungeon, and saw 18 of its levels.

You collected 1085 gold pieces.

Inventory:

Hand Weapons
 J - the +9 scimitar "Daisydia" (weapon) {protect, *Drain rN++ Str+5}
   (Trog gifted it to you on level 6 of the Lair of Beasts)

   It protects the one who uses it against injury (+AC on strike).
   It affects your strength (+5).
   It greatly protects you from negative energy.
   It causes draining when unequipped.
 P - a +0 long sword
Armour
 j - a +1 buckler (worn)
 s - a +0 large shield
 v - a +0 cloak
 x - a +2 pair of gloves (worn)
 N - a +0 hat (worn)
 O - a scarf of cloud immunity (worn)
Jewellery
 k - a ring of poison resistance (left hand)
 t - an amulet of the gourmand (around neck)
 z - an uncursed ring of see invisible
 F - a +5 ring of dexterity (right hand)
 G - an uncursed ring of ice
 M - an uncursed ring of magical power
Wands
 h - a wand of flame (39)
 l - a wand of polymorph (15)
 r - a wand of paralysis (24)
 y - a wand of enslavement (5)
 B - a wand of random effects (24)
 D - a wand of iceblast (18)
 E - a wand of clouds (4)
Scrolls
 c - 2 scrolls of enchant weapon
 f - a scroll of fog
 g - 6 scrolls of identify
 i - 5 scrolls of remove curse
 n - a scroll of blinking
 o - 3 scrolls of immolation
 u - 5 scrolls of fear
 w - a scroll of acquirement {unknown}
 C - 2 scrolls of teleportation
 K - a scroll of summoning {unknown}
 L - a scroll of random uselessness {unknown}
Potions
 a - a potion of berserk rage {unknown}
 d - 3 potions of agility
 e - 8 potions of curing
 m - 2 potions of brilliance
 p - 4 potions of ambrosia
 q - 2 potions of haste
 A - a potion of mutation
 H - a potion of flight
 I - 3 potions of heal wounds
Comestibles
 b - 38 rations


   Skills:
 + Level 13.4 Fighting
 + Level 14.2 Long Blades
 + Level 15.1 Dodging
 - Level 4.0 Shields


You had 12 spell levels left.
You didn't know any spells.

Dungeon Overview and Level Annotations

Branches:
Dungeon (11/15)            Temple (0/1) D:5            Lair (6/6) D:10
 Shoals (0/4) Lair:2        Snake (0/4) Lair:3        Slime (0/5) Lair:5
    Orc (1/2) D:9

Altars:
Cheibriados
Dithmenos
Elyvilon
Fedhas
Kikubaaqudgha
Makhleb
Sif Muna
Wu Jian
Xom
Yredelemnul
Zin

Shops:
D:9 *


Innate Abilities, Weirdness & Mutations

You can spit globs of acid.
You are resistant to acid.
Your golden yellow scales are hard. (AC +8)
You cannot fit into any form of body armour.
You are cold-blooded and may be slowed by cold attacks.
You have supernaturally acute eyesight. (SInv)
You are clumsy. (Dex -2)
Your flesh is cold resistant. (rC+)
You are covered in fur. (AC +1)


Message History

The fiery explosion engulfs the dream sheep.
The dream sheep explodes!
The fiery explosion engulfs the dream sheep.
The dream sheep explodes!
The fiery explosion engulfs the dream sheep.
The dream sheep explodes!
The fiery explosion engulfs the dream sheep.
The dream sheep explodes!
Trog accepts your kill. x3
The fiery explosion engulfs the dream sheep.
The dream sheep explodes!
The fiery explosion engulfs you!
* * * LOW HITPOINT WARNING * * *
The fiery explosion engulfs the water moccasin.
The water moccasin explodes!
The fiery explosion engulfs you!
* * * LOW HITPOINT WARNING * * *
Trog accepts your kill. x3
The fiery explosion engulfs you!
You die...

....%.........#
.........t.....#
.......§§..Y.%.#
...%....§§§Y...%#
.......§§§§......
..%....§§§§§.....#
...%...§§§§§.....##
.......§@§§..%.....
##.....§§§..Y....#.
##................
#................#####
##.#..................
##..%................
####................
##...............
###.............


You could see a yak (inner flame), a crocodile (inner flame) and 2 dream sheep.

Vanquished Creatures
  3 hydras
  5 two-headed ogres
  2 unseen horrors
  Pikel (D:4)
  2 ugly things (D:11)
  6 elephants (Lair:5)
  A cyclops (D:11)
  Psyche (D:8)
  5 black mambas
  6 spiny frogs
  4 rime drakes
  4 komodo dragons
  2 trolls
  A queen bee (Lair:1)
  3 polar bears
  Prince Ribbit (D:5)
  7 blink frogs (Lair:3)
  9 hippogriffs
  5 dream sheep (Lair:6)
  A spriggan (D:8)
  A shadow (D:10)
  Sigmund (D:2)
  Eustachio (D:5)
  20 yaks
  7 basilisks
  5 wyverns
  3 nagas (Lair:3)
  An acid dragon (D:11)
  12 porcupines
  A black bear (Lair:2)
  9 water moccasins
  4 orc warriors
  6 ice beasts
  2 ogres
  3 sky beasts
  The ghost of Mesmaeker13 the Sneak, an amateur DgWn (D:4)
  6 wolves
  2 phantoms
  5 centaurs
  2 crocodiles
  2 big kobolds
  9 bullfrogs
  A wyvern zombie (D:11)
  3 scorpions
  29 killer bees
  An electric eel (D:8)
  4 howler monkeys
  4 crimson imps
  A centaur zombie (D:10)
  A quasit (D:11)
  6 hounds
  A bullfrog zombie (D:9)
  4 orc priests
  2 jellies
  8 orc wizards
  A centaur skeleton (D:9)
  Jessica (D:3)
  2 iguanas (D:11)
  Ijyb (D:4)
  5 hell rats (Lair:2)
  9 worker ants
  A bullfrog simulacrum (D:10)
  2 centaur simulacra (D:10)
  A howler monkey skeleton (D:7)
  Robin (D:2)
  9 adders
  A hound simulacrum (D:10)
  3 shadow imps
  4 white imps (D:10)
  A worker ant simulacrum (D:10)
  2 ufetubi (D:10)
  4 oozes
  5 adder skeletons
  An adder zombie (D:7)
  A worm (D:3)
  3 leopard geckos
  42 orcs
  3 giant cockroaches
  17 goblins
  10 hobgoblins
  15 jackals
  3 quokkas
  2 ball pythons
  11 bats
  6 frilled lizards
  17 kobolds
  5 rats
  2 fungi (Lair:5)
428 creatures vanquished.

Vanquished Creatures (others)
  Fannar (Lair:1)
  5 dream sheep (Lair:4)
  5 fungi (Lair:5)
  A withered plant (D:4)
12 creatures vanquished.

Grand Total: 440 creatures vanquished

Notes
Turn   | Place    | Note
-------+----------+-------------------------------------------
     0 | D:1      | xccam the Draconian Berserker began the quest for the Orb.
     0 | D:1      | Reached XP level 1. HP: 19/19 MP: 1/1
   298 | D:1      | Reached XP level 2. HP: 26/26 MP: 2/2
   853 | D:2      | Reached ** piety under Trog
   853 | D:2      | Reached XP level 3. HP: 27/31 MP: 3/3
   880 | D:2      | Noticed Robin
   901 | D:2      | Killed Robin
  1545 | D:2      | Noticed Sigmund
  1558 | D:2      | Killed Sigmund
  1558 | D:2      | Reached XP level 4. HP: 31/38 MP: 4/4
  1558 | D:2      | Reached XP level 5. HP: 37/45 MP: 5/5
  1601 | D:2      | Found a deep blue altar of Sif Muna.
  1772 | D:3      | Found a burning altar of Makhleb.
  1893 | D:3      | Reached XP level 6. HP: 41/51 MP: 6/6
  2007 | D:3      | Found a shadowy altar of Dithmenos.
  2025 | D:3      | Noticed Jessica
  2031 | D:3      | Killed Jessica
  2676 | D:4      | Reached skill level 7 in Dodging
  2676 | D:4      | Your scales start taking on a golden yellow colour.
  2676 | D:4      | Reached XP level 7. HP: 57/57 MP: 7/7
  2697 | D:4      | Found a white marble altar of Elyvilon.
  2787 | D:4      | Reached *** piety under Trog
  2865 | D:4      | Found a glowing silver altar of Zin.
  2926 | D:4      | Noticed Ijyb
  2941 | D:4      | Killed Ijyb
  2963 | D:4      | Noticed Mesmaeker13's ghost (amateur DgWn)
  2979 | D:4      | Killed Mesmaeker13's ghost
  3132 | D:4      | Reached XP level 8. HP: 63/63 MP: 8/8
  3161 | D:4      | Found an ancient bone altar of Kikubaaqudgha.
  3189 | D:4      | Noticed Pikel
  3210 | D:4      | Killed Pikel
  3527 | D:5      | Entered Level 5 of the Dungeon
  3527 | D:5      | Noticed Eustachio
  3529 | D:5      | Noticed Prince Ribbit
  3538 | D:5      | Killed Eustachio
  3544 | D:5      | Killed Prince Ribbit
  3607 | D:5      | Reached XP level 9. HP: 61/70 MP: 9/9
  3616 | D:5      | Gained mutation: Your flesh is cold resistant. (rC+) [potion of mutation]
  3616 | D:5      | Gained mutation: You are clumsy. (Dex -2) [potion of mutation]
  3616 | D:5      | Gained mutation: You are covered in fur. (AC +1) [potion of mutation]
  3616 | D:5      | Gained mutation: You have supernaturally acute eyesight. (SInv) [potion of mutation]
  3684 | D:5      | Found a blossoming altar of Fedhas.
  4103 | D:5      | Found a staircase to the Ecumenical Temple.
  4397 | D:6      | Reached **** piety under Trog
  4402 | D:6      | Found a basalt altar of Yredelemnul.
  5278 | D:8      | Noticed a two-headed ogre
  5282 | D:8      | Noticed a two-headed ogre
  5293 | D:8      | Killed a two-headed ogre
  5310 | D:8      | Killed a two-headed ogre
  5310 | D:8      | Reached skill level 5 in Fighting
  5310 | D:8      | Reached skill level 8 in Dodging
  5310 | D:8      | Reached XP level 10. HP: 37/81 MP: 10/10
  5639 | D:8      | Noticed Psyche
  5646 | D:8      | Killed Psyche
  7023 | D:9      | Received a gift from Trog
  7087 | D:9      | Found a snail-covered altar of Cheibriados.
  7088 | D:9      | Found a white marble altar of Elyvilon.
  7584 | D:9      | Found a staircase to the Orcish Mines.
  7588 | D:9      | Noticed a two-headed ogre
  7603 | D:9      | Killed a two-headed ogre
  7970 | D:9      | Found Veosoe's Assorted Antiques.
  7984 | D:9      | Reached skill level 9 in Dodging
  8427 | Orc:1    | Entered Level 1 of the Orcish Mines
  8440 | D:10     | Entered Level 10 of the Dungeon
  8440 | D:10     | Noticed an unseen horror
  8471 | D:10     | Killed an unseen horror
  8471 | D:10     | Reached XP level 11. HP: 70/92 MP: 11/11
  8876 | D:10     | Found an ornate altar of the Wu Jian Council.
  8881 | D:10     | Noticed a two-headed ogre
  8913 | D:10     | Killed a two-headed ogre
  8999 | D:10     | Found a staircase to the Lair.
  9215 | D:10     | Reached ***** piety under Trog
  9258 | D:10     | Reached skill level 10 in Dodging
 10436 | D:11     | Noticed a purple ugly thing
 10460 | D:11     | Killed a purple ugly thing
 10878 | D:11     | Noticed a brown ugly thing
 10892 | D:11     | Killed a brown ugly thing
 10892 | D:11     | Received a gift from Trog
 10892 | D:11     | Reached skill level 11 in Dodging
 11209 | D:11     | Noticed an unseen horror
 11216 | D:11     | Killed an unseen horror
 11274 | D:11     | Noticed a two-headed ogre
 11285 | D:11     | Killed a two-headed ogre
 11285 | D:11     | Reached skill level 10 in Fighting
 11361 | Lair:1   | Entered Level 1 of the Lair of Beasts
 11361 | Lair:1   | Noticed Fannar
 11379 | Lair:1   | Killed Fannar
 11690 | Lair:1   | Reached XP level 12. HP: 45/107 MP: 12/12
 11952 | Lair:1   | Reached skill level 12 in Dodging
 13010 | Lair:2   | Found a staircase to the Shoals.
 13422 | Lair:3   | Found a staircase to the Snake Pit.
 13485 | Lair:3   | Reached skill level 13 in Dodging
 14881 | Lair:4   | Noticed an eight-headed hydra
 14912 | Lair:4   | Killed an 18-headed hydra
 14912 | Lair:4   | Reached skill level 1 in Shields
 14939 | Lair:4   | Reached skill level 14 in Dodging
 15660 | Lair:4   | Found a shimmering altar of Xom.
 16125 | Lair:5   | Reached XP level 13. HP: 112/118 MP: 13/13
 17214 | Lair:5   | Found a staircase to the Slime Pits.
 17656 | Lair:6   | Entered Level 6 of the Lair of Beasts
 17671 | Lair:6   | Received a gift from Trog
 17682 | Lair:6   | Got a brightly glowing scimitar {god gift}
 17683 | Lair:6   | Identified the +9 scimitar "Daisydia" {protect, *Drain rN++ Str+5} (Trog gifted it to you on level 6 of the Lair of Beasts)
 17706 | Lair:6   | Reached skill level 15 in Dodging
 17822 | Lair:6   | HP: 3/122 [water moccasin/exploding inner flame[the player character] (29)]
 17822 | Lair:6   | Killed from afar by a dream sheep

Skill      XL: |  1  2  3  4  5  6  7  8  9 10 11 12 13 |
---------------+----------------------------------------+-----
Long Blades    | 4 6 12 13 14 | 14.2
Dodging        | 7 8 9 11 14 15 | 15.1
Fighting       | 5 7 10 12 13 | 13.4
Shields        | 4 |  4.0

Action                   |  1- 3 |  4- 6 |  7- 9 | 10-12 | 13-15 || total
-------------------------+-------+-------+-------+-------+-------++-------
Melee: Falchion          |   132 |   126 |   417 |  1204 |       ||  1879
       Tailslap          |    19 |    12 |    64 |   300 |    61 ||   456
       Long sword        |       |       |       |   149 |   181 ||   330
       Scimitar          |       |       |       |       |    29 ||    29
Invok: Berserk           |     2 |       |     6 |    13 |     4 ||    25
       Trog's Hand       |     1 |       |     1 |    11 |     1 ||    14
       Burn Spellbooks   |       |       |       |     1 |     2 ||     3
 Abil: Breathe Acid      |       |       |       |     9 |     2 ||    11
Evoke: Wand              |       |       |       |     8 |    19 ||    27
  Use: Scroll            |       |     5 |     3 |    11 |     4 ||    23
       Potion            |       |     1 |     5 |     2 |     1 ||     9
 Stab: Sleeping          |     2 |       |       |     2 |     2 ||     6
       Paralysed         |       |       |       |    10 |       ||    10
  Eat: Chunk             |     3 |     5 |    27 |    52 |    12 ||    99
       Ration            |       |       |       |     1 |       ||     1
Armor: Skin              |    47 |    36 |    73 |   247 |    30 ||   433
Dodge: Dodged            |    83 |    75 |   219 |   964 |   156 ||  1497
Block: Buckler           |       |       |       |    32 |    55 ||    87
       Rpst.: Falchion   |    20 |    20 |    62 |   244 |       ||   346
       Long sword        |       |       |       |    22 |    32 ||    54
       Scimitar          |       |       |       |       |     9 ||     9
